 Dungeon Crawl Stone Soup version 0.28-a0-973-ga7f8b01127 (webtiles) character file.

Game seed: 16375754039386030974

95 Gwenloh the Conjurer (level 4, -2/24 HPs)
             Began as a Tengu Conjurer on Dec 1, 2021.
             Succumbed to a scorpion's poison
             ... on level 4 of the Dungeon.
             The game lasted 00:06:15 (1955 turns).

Gwenloh the Conjurer (Tengu Conjurer)               Turns: 1955, Time: 00:06:15

Health: -2/24      AC:  2    Str:  8    XL:     4   Next: 66%
Magic:  0/10       EV: 12    Int: 20    God:
Gold:   40         SH:  0    Dex: 12    Spells: 3/9 levels left

rFire   . . .      SeeInvis .   l - +0 short sword (drain)
rCold   . . .      Faith    .   (no shield)
rNeg    . . .      Spirit   .   a - +0 robe
rPois   .          Reflect  .   (helmet restricted)
rElec   .          Harm     .   (no cloak)
rCorr   .          Rampage  .   (no gloves)
Will    .....                   (boots unavailable)
Stlth   ++........              (no amulet)
HPRegen 0.08/turn               (no ring)
MPRegen 0.12/turn               (no ring)

@: lethally poisoned (-2 -> -15)
A: beak, talons 3
a: no special abilities


You were on level 4 of the Dungeon.
You visited 1 branch of the dungeon, and saw 4 of its levels.

You collected 40 gold pieces.

Inventory:

Hand Weapons
 l - a +0 short sword of draining (weapon)
Armour
 a - a +0 robe (worn)
Scrolls
 b - a scroll of magic mapping {unknown}
 d - 2 scrolls of identify {unknown}
 e - a scroll of vulnerability {unknown}
 h - a scroll of torment {unknown}
 i - a scroll of teleportation {unknown}
 k - a scroll of fog {unknown}
Potions
 c - a potion of resistance {unknown}
 f - a potion of cancellation {unknown}
 g - a potion of attraction {unknown}
 j - 2 potions of flight {unknown}
 m - a potion of curing {unknown}


   Skills:
 - Level 2.1 Dodging
 - Level 2.0 Stealth
 + Level 3.3 Spellcasting
 + Level 6.7 Conjurations


You had 3 spell levels left.
You knew the following spells:

 Your Spells              Type           Power      Damage    Failure   Level
a - Magic Dart            Conj           100%       1d8       1%          1
b - Searing Ray           Conj           60%        2d6       1%          2
c - Dazzling Flash        Conj/Hex       32%        N/A       11%         3

Your spell library contained the following spells:

 Spells                   Type           Power      Damage    Failure   Level
 Stone Arrow              Conj/Erth      32%        3d9       11%         3
 Sandblast                Erth           6%         2d5       14%         1
 Passwall                 Tmut/Erth      2%         N/A       21%         2
 Fulminant Prism          Conj/Hex       8%         3d7       34%         4
 Iskenderun's Mystic Bla  Conj/Tloc      16%        2d5       34%         4


Dungeon Overview and Level Annotations

Branches:
Dungeon (3/15)

Altars:


Innate Abilities, Weirdness & Mutations

You have a beak for a mouth.
You have claws for feet.


Message History

The searing ray misses the scorpion.
The scorpion misses you. The scorpion stings you.
The scorpion closely misses you.
The scorpion stings you but does no damage.
There is a stone staircase leading down here.
Casting: Searing Ray (safe; 1% risk of failure)
Confirm with . or Enter, or press ? or * to list all spells.
Aiming: Searing Ray (safe; 1% risk of failure)
Press: ? - help, Shift-Dir - straight line, f/p - scorpion
Aim: a scorpion (moderately wounded, 79% to hit)
The searing ray hits the scorpion.
The scorpion is heavily wounded. (Press . to maintain the ray.)
The scorpion barely misses you.
The searing ray hits the scorpion but does no damage.
The scorpion is heavily wounded.
The scorpion stings you. The scorpion barely misses you.
The searing ray misses the scorpion.
The scorpion stings you! The scorpion misses you. The scorpion stings you.
You are poisoned.
The scorpion poisons you!
Sorry, you're not good enough to have a special ability.
Casting: Searing Ray (safe; 1% risk of failure)
Confirm with . or Enter, or press ? or * to list all spells.
You don't have enough magic to cast this spell.
You feel sick.
* * * LOW HITPOINT WARNING * * *
You feel sick.
Casting: Searing Ray (safe; 1% risk of failure)
Confirm with . or Enter, or press ? or * to list all spells.
The spell is quite dangerous to miscast (11% risk of failure)!
Continue anyway?
Casting: Dazzling Flash (quite dangerous; 11% risk of failure)
Press: ? - help, Dir - look around, f - activate The scorpion is dazzled.
You feel sick. The scorpion misses you.
You feel sick. The scorpion stings you.
* * * LOW HITPOINT WARNING * * *
You are more poisoned.
The scorpion poisons you!
You die...

#.# ###.# #.#.# ###
####.#.# ..# #....#.# .
#.# #.##.#.# .. #.#
#.##.#.#
.....#####.####.##.#.#
............@.s....#.#
.....#####.####.####.#
..........># #.# #.#
.....##.##.# #.# #.#
... .##.##.####.####.##
.......?.....##.......#
##+##.................#
....##+##.#####.####
..... #.# #.#


You could see a scorpion (blind).

Vanquished Creatures
  Jessica (D:2)
  Robin (D:3)
  2 adders (D:2)
  4 orcs
  2 ball pythons
  2 endoplasms
  A giant cockroach (D:3)
  9 goblins
  4 hobgoblins
  A quokka (D:1)
  2 bats (D:2)
  A frilled lizard (D:2)
  4 kobolds
34 creatures vanquished.

Vanquished Creatures (others)
  15 plants (D:3)
15 creatures vanquished.

Grand Total: 49 creatures vanquished

Notes
Turn   | Place    | Note
-------+----------+-------------------------------------------
     0 | D:1      | Gwenloh the Tengu Conjurer began the quest for the Orb.
     0 | D:1      | Reached XP level 1. HP: 10/10 MP: 4/4
   430 | D:1      | Reached XP level 2. HP: 15/15 MP: 1/6
   588 | D:1      | Learned a level 2 spell: Searing Ray
   653 | D:1      | Found a faded altar of an unknown god.
   953 | D:2      | Noticed Jessica
   957 | D:2      | Killed Jessica
   958 | D:2      | Reached skill level 6 in Conjurations
   958 | D:2      | Reached XP level 3. HP: 17/19 MP: 1/8
  1069 | D:2      | Learned a level 3 spell: Dazzling Flash
  1119 | D:2      | Reached XP level 4. HP: 24/24 MP: 5/9
  1705 | D:3      | Noticed Robin
  1723 | D:3      | Killed Robin
  1860 | D:3      | You fall into a shaft and drop 1 floor!
  1901 | D:4      | Noticed a scorpion
  1954 | D:4      | HP: 1/24 [scorpion (4)]
  1955 | D:4      | Succumbed to a scorpion's poison

Illustrated notes

Levels and vault maps discovered:
D:1:      minmay_arrival_cross, layout_basic, ebering_ecumenical_altar_hall,
          serial_park_tiny_1, nrook_campfire, minivault_14
D:2:      layout_rooms, uniq_jessica
D:3:      layout_loops_cross, lemuel_blue_sif_altar, serial_shops,
          nicolae_shop_hallway_plus, serial_bayou, serial_bayou_lake_a,
          serial_bayou_pond_c, serial_bayou_crossing, serial_bayou_ford_a,
          serial_bayou_pond_d, uniq_natasha, uniq_robin
D:4:      layout_basic, minmay_liquid_box, small_statue_intersection,
          kennysheep_cross_bottleneck

Skill      XL: |  1  2  3 |
---------------+----------+-----
Conjurations   | 6 |  6.7
Spellcasting   | 3 |  3.3
Dodging        | |  2.1
Stealth        | |  2.0

Action                   |  1- 3 |  4- 6 || total
-------------------------+-------+-------++-------
Melee: Unarmed           |     1 |     1 ||     2
       Kick              |     1 |     1 ||     2
 Cast: Magic Dart        |    31 |    20 ||    51
       Searing Ray       |     4 |     6 ||    10
       Dazzling Flash    |       |     1 ||     1
Armor: Robe              |       |     5 ||     5
Dodge: Dodged            |       |     9 ||     9

Table legend: (Time is in decaauts)
 A = Elapsed time spent in this place.
 B = Non-inter-level travel time spent in this place.
 C = Inter-level travel time spent in this place.
 D = Time resting spent in this place.
 E = Time spent auto-exploring this place.
 F = Levels seen in this place.
 G = Mean time per level.
                   A        B        C        D        E       F      G
               +--------+--------+--------+--------+--------+-----+--------+
         Total |   1958 |   1926 |     32 |    278 |   1364 |   4 |  489.5 |
       Dungeon |   1958 |   1926 |     32 |    278 |   1364 |   4 |  489.5 |
               +--------+--------+--------+--------+--------+-----+--------+

Top non-repeatable levels by time:
     D:1: 808 daAuts
     D:2: 793 daAuts
     D:3: 262 daAuts
     D:4: 94 daAuts
